 Dungeon Crawl Stone Soup version 0.31-b1-20-g67cafac56d (webtiles) character file.

Game seed: 2704572697621852949

907 Strat the Chopper (level 8, 0/84 HPs)
             Began as an Oni Gladiator on Jan 17, 2024.
             Was an Initiate of Hepliaklqana.
             Succumbed to a water moccasin's poison
             ... on level 5 of the Dungeon.
             The game lasted 00:10:23 (4763 turns).

Strat the Chopper (Oni Gladiator)                   Turns: 4763, Time: 00:10:24

Health: 0/84       AC:  3    Str: 18 (19) XL:     8   Next: 8%
Magic:  8/8        EV: 25    Int:  9 (11) God:    Hepliaklqana [......]
Gold:   137        SH:  0    Dex:  9 (10) Spells: 7/7 levels left

rFire   + . .        a - +1 war axe
rCold   + . .        (no shield)
rNeg    . . .        b - +0 robe
rPois   +            c - +0 hat
rElec   +            u - scarf {repulsion}
rCorr   +            (gloves unavailable)
SInv    .            (boots unavailable)
Will    +....        o - amulet of the acrobat
Stlth   +            i - ring of willpower
HPRegen 0.34/turn    (no ring)
MPRegen 0.11/turn

%: repel missiles, acrobat
@: mighty, lethally poisoned (0 -> -3), resistant, acrobatic
A: large, unfitting armour, horns 1, tough skin 1, double potion healing,
drunken brawling
a: Renounce Religion


You were on level 5 of the Dungeon.
You worshipped Hepliaklqana.
Hepliaklqana was noncommittal.
You visited 2 branches of the dungeon, and saw 6 of its levels.

You collected 137 gold pieces.

Inventory:

Hand Weapons
 a - a +1 war axe (weapon)
Missiles
 e - a large rock
 v - 12 poisoned darts (quivered)
Armour
 b - a +0 robe (worn)
 c - a +0 hat (worn)
 u - a scarf of repulsion (worn)
Jewellery
 i - a ring of willpower (left hand)
 m - a ring of fire
 o - an amulet of the acrobat (around neck)
Scrolls
 f - 2 scrolls of teleportation
Potions
 g - 2 potions of haste
 h - 2 potions of brilliance
 j - a potion of enlightenment
 k - 2 potions of mutation
 p - a potion of lignification


   Skills:
 + Level 6.6 Fighting
 * Level 7.2 Axes
 - Level 4.2 Throwing
 - Level 2.6 Dodging


You had 7 spell levels left.
You didn't know any spells.
Your spell library was empty.

Dungeon Overview and Level Annotations

Branches:
Dungeon (5/15)             Temple (1/1) D:5

Altars:
Ashenzari
Cheibriados
Dithmenos
Elyvilon
Fedhas
Gozag
Hepliaklqana
Kikubaaqudgha
Makhleb
Nemelex Xobeh
Okawaru
Qazlal
Ru
Sif Muna
Trog
Uskayaw
Vehumet
Wu Jian
Xom
Zin
The Shining One

Shops:
D:1 =


Innate Abilities, Weirdness & Mutations

You are too large for most types of armour.
You have a pair of small horns on your head.
You have tough skin. (AC +1)
You gain doubled healing and magic from potions.
Whenever you drink a healing potion, you attack all around you.


Message History

You hit the water moccasin.
The water moccasin is severely wounded.
You feel sick. The water moccasin bites you!
* * * LOW HITPOINT WARNING * * *
The water moccasin barely misses you.
You barely miss the water moccasin.
The water moccasin is severely wounded.
You feel sick. The water moccasin bites you.
* * * LOW HITPOINT WARNING * * *
The water moccasin bites you.
* * * LOW HITPOINT WARNING * * *
You are lethally poisoned!
The water moccasin poisons you!
You feel protected.
* * * LOW HITPOINT WARNING * * *
You feel very sick. The water moccasin closely misses you.
You hit the water moccasin.
Your headbutt misses the water moccasin.
The water moccasin is almost dead.
* * * LOW HITPOINT WARNING * * *
You feel very sick.
The water moccasin bites you but does no damage.
The water moccasin barely misses you.
You slice the water moccasin!!
You kill the water moccasin!
* * * LOW HITPOINT WARNING * * *
You feel very sick.
Your Axes skill increases to level 7!
You have reached level 8!
It was a potion of degeneration.
There was something very wrong with that liquid.
You feel weakened.
You feel dopey.
You feel clumsy.
* * * LOW HITPOINT WARNING * * *
You feel sick.
* * * LOW HITPOINT WARNING * * *
You feel sick.
* * * LOW HITPOINT WARNING * * *
You feel sick.
You die...

#.# #########.# #.###
#.........# #...##
#.........#
###..########
#.........# ##........##
#.....<...#
########..####..##.#####
##..##..###.......#
##.##.## #.......#
#...@# #.......# #..###
..##...## #..# .#. .#.#
#..# . . .... #..# .. .
.#.. .######.##
........# ........#
........#


There were no monsters in sight!

Vanquished Creatures
  A water moccasin (D:5)
  An ice beast (D:4)
  A black bear (D:5)
  2 ogres (D:4)
  A scorpion (D:4)
  A water moccasin skeleton (D:5)
  A gnoll bouda (D:4)
  An orc priest (D:4)
  2 hounds
  Jessica (D:2)
  An iguana (D:4)
  An orc wizard (D:4)
  4 adders
  3 gnolls (D:4)
  A dart slug (D:4)
  A ribbon worm (D:2)
  5 orcs
  5 bats
  4 endoplasms
  5 giant cockroaches
  5 goblins
  7 hobgoblins
  2 jackals (D:4)
  4 quokkas
  11 ball pythons
  3 frilled lizards
  10 kobolds
  2 rats
  A spectral hobgoblin (D:2)
87 creatures vanquished.

Notes
Turn   | Place    | Note
-------+----------+-------------------------------------------
     0 | D:1      | Strat the Oni Gladiator began the quest for the Orb.
     0 | D:1      | Reached XP level 1. HP: 22/22 MP: 1/1
    74 | D:1      | Reached XP level 2. HP: 25/29 MP: 2/2
   450 | D:1      | Found Zoiplob's Jewellery Boutique.
   454 | D:1      | Reached XP level 3. HP: 37/37 MP: 3/3
  1070 | D:2      | Found a faded altar of an unknown god.
  1331 | D:2      | Noticed Jessica
  1338 | D:2      | Killed Jessica
  1339 | D:2      | Reached skill level 4 in Axes
  1339 | D:2      | Reached XP level 4. HP: 29/46 MP: 4/4
  2763 | D:4      | Noticed a scorpion
  2776 | D:4      | Killed a scorpion
  2777 | D:4      | Reached XP level 5. HP: 54/54 MP: 5/5
  3048 | D:4      | Reached skill level 5 in Axes
  3084 | D:4      | Reached XP level 6. HP: 59/63 MP: 6/6
  3203 | D:4      | Noticed an ice beast
  3583 | D:4      | Reached skill level 5 in Fighting
  3877 | D:4      | Reached XP level 7. HP: 68/72 MP: 7/7
  4016 | D:4      | Reached skill level 6 in Axes
  4099 | D:4      | Found a shimmering blue altar of Sif Muna.
  4103 | D:4      | Found a burning altar of Makhleb.
  4182 | D:5      | Entered Level 5 of the Dungeon
  4431 | D:5      | Found a staircase to the Ecumenical Temple.
  4459 | Temple   | Entered the Ecumenical Temple
  4575 | Temple   | Became a worshipper of Hepliaklqana the Forgotten
  4760 | D:5      | Reached skill level 7 in Axes
  4760 | D:5      | Reached XP level 8. HP: 5/84 MP: 8/8
  4760 | D:5      | HP: 3/84 [poisoned by a water moccasin]
  4762 | D:5      | HP: 1/84 [poisoned by a water moccasin]
  4763 | D:5      | Succumbed to a water moccasin's poison

Illustrated notes

Levels and vault maps discovered:
D:1:      beargit_arrival_greenhouse, layout_basic, serial_shops,
          nicolae_shop_stone, serial_curves, eino_curves_04, eino_curves_04
D:2:      layout_basic, dreamdust_ecumenical_altar_drowned_temple, uniq_jessica
D:3:      layout_basic, nicolae_twisty_statue_hallways
D:4:      layout_basic, nicolae_overflow_hidden_temple
D:5:      layout_rooms, minmay_temple_entry_nine_rooms, serial_undead,
          serial_undead_a, serial_undead_a, serial_undead_f, serial_undead_d,
          serial_undead_c, serial_undead_f, nrook_mini_vaults,
          nicolae_kite_square_tiling_tiny
Temple:   nicolae_temple_bog_church

Skill      XL: |  1  2  3  4  5  6  7 |
---------------+----------------------+-----
Fighting       | 3 4 5 6 |  6.6
Axes           | 4 5 7 |  7.2
Throwing       | 3 4 |  4.2
Dodging        | |  2.6

Action                     |  1- 3 |  4- 6 |  7- 9 || total
---------------------------+-------+-------+-------++-------
  Melee: War axe           |    96 |   138 |    49 ||   283
         Headbutt          |    13 |    15 |     6 ||    34
         Punch             |       |     2 |     1 ||     3
  Throw: Throwing net      |       |     3 |     1 ||     4
         Dart              |       |       |     1 ||     1
    Use: Scroll            |       |     8 |     6 ||    14
         Potion            |       |     1 |     4 ||     5
   Stab: Sleeping          |     1 |       |       ||     1
         Held in net/web   |       |     2 |     1 ||     3
 Armour: Robe              |    77 |    94 |    49 ||   220
  Dodge: Dodged            |    73 |    97 |    27 ||   197
